 Dungeon Crawl Stone Soup version 0.29.1-2-gbd0b4ee654 (webtiles) character file.

Game seed: 1500213896318931414

48 DildoBatman the Conjurer (level 4, 0/32 HPs)
             Began as a Formicid Conjurer on Nov 25, 2022.
             Frozen to death by an endoplasm (1 damage)
             ... on level 3 of the Dungeon.
             The game lasted 00:02:31 (1137 turns).

DildoBatman the Conjurer (Formicid Conjurer)        Turns: 1137, Time: 00:02:31

Health: 0/32       AC:  5    Str: 12    XL:     4   Next: 0%
Magic:  8/8        EV: 11    Int: 19    God:
Gold:   37         SH:  0    Dex: 12    Spells: 5/8 levels left

rFire   . . .      SeeInvis +   a - +0 sling
rCold   + . .      Faith    .   (no shield)
rNeg    . . .      Spirit   .   f - +2 leather armour {rC+}
rPois   .          Reflect  .   (helmet unavailable)
rElec   .          Harm     .   (no cloak)
rCorr   .          Rampage  .   (no gloves)
Will    .....                   (no boots)
Stlth   ++........              m - amulet of magic regeneration
HPRegen 0.10/turn               (no ring)
MPRegen 0.51/turn               (no ring)

@: no status effects
A: permanent stasis, dig shafts and tunnels, antennae 3, four strong arms
a: Dig, Shaft Self


You were on level 3 of the Dungeon.
You visited 1 branch of the dungeon, and saw 3 of its levels.

You collected 37 gold pieces.

Inventory:

Hand Weapons
 a - a +0 sling (weapon)
 c - a +0 club
Missiles
 e - 30 stones
Armour
 f - a +2 leather armour of cold resistance (worn)
Jewellery
 m - an amulet of magic regeneration (around neck)
Scrolls
 g - a scroll of enchant armour {unknown}
 i - a scroll of enchant weapon {unknown}
 j - a scroll of vulnerability {unknown}
 n - a scroll of amnesia {unknown}
 o - a scroll of identify {unknown}
Potions
 b - a potion of magic
 d - a potion of resistance {unknown}
 h - 2 potions of degeneration {unknown}
 k - 2 potions of attraction {unknown}
 l - 2 potions of haste {unknown}


   Skills:
 * Level 1.5 Fighting
 * Level 1.4 Armour
 - Level 2.0 Dodging
 - Level 2.4 Stealth
 * Level 2.7 Spellcasting
 * Level 3.9 Conjurations


You had 5 spell levels left.
You knew the following spells:

 Your Spells              Type           Power      Damage    Failure   Level
a - Searing Ray           Conj           34%        2d5       6%          2
c - Magic Dart            Conj           68%        1d6       4%          1

Your spell library contained the following spells:

 Spells                   Type           Power      Damage    Failure   Level
 Dazzling Flash           Conj/Hex       20%        N/A       26%         3
 Fulminant Prism          Conj/Hex       5%         3d7       65%         4
 Iskenderun's Mystic Bla  Conj/Tloc      10%        2d4       65%         4


Dungeon Overview and Level Annotations

Branches:
Dungeon (3/15)

Altars:


Innate Abilities, Weirdness & Mutations

You cannot be hasted, slowed, berserked, paralysed or teleported.
You can dig through walls and to a lower floor.
You have a pair of large antennae on your head. (SInv)
Your four strong arms can wield two-handed weapons with a shield.


Message History

The endoplasm freezes you.
You are frozen.
You resist. What are your orders? t - Shout!
Orders for allies: a - Attack new target. r - Retreat! s - Stop attacking. g - Guard the area. f - Follow me.
Anything else - Cancel.
You shout for attention!
The endoplasm freezes you.
You are frozen.
You resist. What are your orders? t - Shout!
Orders for allies: a - Attack new target. r - Retreat! s - Stop attacking. g - Guard the area. f - Follow me.
Anything else - Cancel.
You shout for attention!
The endoplasm closely misses you. What are your orders? t - Shout!
Orders for allies: a - Attack new target. r - Retreat! s - Stop attacking. g - Guard the area. f - Follow me.
Anything else - Cancel.
You shout for attention!
The endoplasm barely misses you. What are your orders? t - Shout!
Orders for allies: a - Attack new target. r - Retreat! s - Stop attacking. g - Guard the area. f - Follow me.
Anything else - Cancel.
You shout for attention!
The endoplasm freezes you.
You are frozen.
You resist.
You die... ..#########.# [.....J@....# #############

You could see an endoplasm.

Vanquished Creatures
  An adder (D:2)
  A worm (D:2)
  An endoplasm (D:1)
  3 giant cockroaches
  8 goblins
  3 hobgoblins
  2 quokkas
  2 ball pythons (D:2)
  5 bats (D:1)
  A frilled lizard (D:1)
  5 kobolds
32 creatures vanquished.

Notes
Turn   | Place    | Note
-------+----------+-------------------------------------------
     0 | D:1      | DildoBatman the Formicid Conjurer began the quest for the
                  | Orb.
     0 | D:1      | Reached XP level 1. HP: 13/13 MP: 3/3
   253 | D:1      | Reached XP level 2. HP: 10/20 MP: 0/5
   256 | D:1      | Learned a level 2 spell: Searing Ray
   549 | D:1      | Reached skill level 1 in Fighting
   572 | D:1      | Found a faded altar of an unknown god.
   677 | D:1      | Reached skill level 1 in Armour
   798 | D:1      | Reached XP level 3. HP: 26/26 MP: 4/6
  1059 | D:2      | Reached XP level 4. HP: 32/32 MP: 8/8
  1131 | D:3      | HP: 1/32 [endoplasm (1)]
  1137 | D:3      | Frozen to death by an endoplasm

Illustrated notes

Levels and vault maps discovered:
D:1:      minmay_arrival_doors, layout_loops_ring,
          ebering_ecumenical_altar_petrified
D:2:      cheibrodos_old_hovel, layout_basic, basic_altar,
          minmay_split_cup_small
D:3:      layout_loops_corners

Skill      XL: |  1  2 |
---------------+-------+-----
Dodging        | 2 |  2.0
Fighting       | 1 |  1.5
Armour         | 1 |  1.4
Stealth        | |  2.4
Spellcasting   | |  2.7
Conjurations   | |  3.9

Action                   |  1- 3 |  4- 6 || total
-------------------------+-------+-------++-------
Melee: Club              |     2 |       ||     2
 Fire: Sling             |    17 |       ||    17
 Cast: Magic Dart        |    43 |       ||    43
       Searing Ray       |     6 |       ||     6
 Stab: Sleeping          |     1 |       ||     1
Armor: Leather armour    |     3 |    16 ||    19
Dodge: Dodged            |     3 |    22 ||    25
